 Dungeon Crawl Stone Soup version 0.18-a0-674-g00855b9 (webtiles) character file.

324248 4thArraOfDagon the Commander (level 20, -4/159 HPs)
             Began as a Demonspawn Hunter on Dec 6, 2015.
             Was a High Priest of Okawaru.
             Slain by a vault guard
             ... wielding a +0 battleaxe
              (12 damage)
             ... on level 5 of the Vaults.
             The game lasted 03:03:09 (20924 turns).

4thArraOfDagon the Commander (Demonspawn Hunter)   Turns: 20924, Time: 03:03:09

Health: -4/159     AC: 24    Str: 19 (20) XL:     20   Next: 32%
Magic:  46/48      EV: 29    Int: 16 (18) God:    Okawaru [*****.]
Gold:   925        SH:  0    Dex: 24 (26) Spells: 10 memorised, 4 levels left

rFire  + + +     SeeInvis .     w - +9 great sword of Spite {flame, rPois rC+ Int-2}
rCold  + . .     Rnd*Rage +     J - +0 troll leather armour
rNeg   + . .     SustAt   .     (shield currently unavailable)
rPois  +         Gourm    .     (helmet unavailable)
rElec  +         Spirit   .     X - +2 cloak {MR+}
rCorr  .         Dismiss  .     O - +1 pair of gloves {Str+3}
rMut   .         Stasis   .     D - +4 pair of boots "Giycuz" {rF+ MR+ MP+9}
MR     +++..                    B - amulet of regeneration
Stlth  +++++.....               K - ring of the Monkey's Uncle {MP+9 Int+3 Dex+5 Stlth+}
                                p - ring "Gutip" {Wiz rPois rF+ Str+4}

@: agile, heroism, regenerating, studying Air Magic, extremely resistant to
hostile enchantments, quite stealthy
A: horns 3, talons 1, thin metallic scales 3, berserk 1, blurry vision 1,
deterioration 1, dopey 1, fire resistance 1, low mp 1, negative energy
resistance 1, powered by pain 2, regeneration 1, spiny 3, spit poison 1, wild
magic 1
a: Spit Poison, Heroism, Finesse, Renounce Religion
}: 3/15 runes: decaying, serpentine, slimy


You were on level 5 of the Vaults.
You worshipped Okawaru.
Okawaru was extremely pleased with you.
You were not hungry.

You visited 9 branches of the dungeon, and saw 50 of its levels.
You visited the Abyss 1 time.
You also visited: Labyrinth, Volcano and Wizlab.

You collected 4607 gold pieces.
You spent 3682 gold pieces at shops.

Inventory:

Hand Weapons
 b - a +9 triple sword of protection
 w - the +9 great sword of Spite (weapon) {flame, rPois rC+ Int-2}
   (Okawaru gifted it to you on level 3 of the Elven Halls)

   It has been specially enchanted to burn those struck by it, causing extra
   injury to most foes and up to half again as much damage against particularly
   susceptible opponents.
   Big, fiery blades are also staple armaments of hydra-hunters.
   It affects your intelligence (-2).
   It protects you from cold.
   It protects you from poison.
Armour
 z - the +2 shield of Gessas {MR- rCorr Int+3 Dex+5}
   (You bought it in a shop on level 2 of the Snake Pit)

   It affects your intelligence (+3).
   It affects your dexterity (+5).
   It affects your resistance to hostile enchantments.
   It protects you from acid and corrosion.
 D - the +4 pair of boots "Giycuz" (worn) {rF+ MR+ MP+9}
   (Okawaru gifted it to you on level 6 of the Pits of Slime)

   It protects you from fire.
   It affects your resistance to hostile enchantments.
   It affects your magic capacity (+9).
 J - a +0 troll leather armour (worn)
 O - a +1 pair of gloves of strength (worn)
 X - a +2 cloak of magic resistance (worn)
Rods
 g - a +1 lightning rod (14/14)
   (You found it on level 7 of the Lair of Beasts)
 Y - a +6 lightning rod (10/10)
   (You found it on level 3 of the Elven Halls)
Jewellery
 a - an uncursed ring of see invisible
 l - an uncursed ring of protection from cold
 p - the ring "Gutip" (left hand) {Wiz rPois rF+ Str+4}
   (You found it on level 3 of the Elven Halls)

   [ring of wizardry]

   It improves your spell success rate.
   It affects your strength (+4).
   It protects you from fire.
   It protects you from poison.
 u - an uncursed ring of protection from magic
 B - an amulet of regeneration (around neck)
 F - the ring of Medeivudgh {*Corrode rF+ rN+ Int+4}
   (You found it in a labyrinth)

   [ring of protection from fire]

   It affects your intelligence (+4).
   It protects you from fire.
   It protects you from negative energy.
   It may corrode your equipment when you take damage.
 K - the ring of the Monkey's Uncle (right hand) {MP+9 Int+3 Dex+5 Stlth+}
   (You found it on level 8 of the Lair of Beasts)

   [ring of stealth]

   It affects your intelligence (+3).
   It affects your dexterity (+5).
   It affects your magic capacity (+9).
   It makes you more stealthy.
 Q - an uncursed amulet of stasis
 S - an uncursed amulet of resist corrosion
 U - an uncursed ring of teleportation
Wands
 k - a wand of hasting (5)
 m - a wand of heal wounds (2)
 y - a wand of digging (14)
 T - a wand of teleportation (5)
 Z - a wand of fire (7)
Scrolls
 r - a scroll of fog
 s - 5 scrolls of teleportation
 A - 9 scrolls of remove curse
 E - a scroll of silence
 H - 4 scrolls of identify
 M - 2 scrolls of recharging
 N - 2 scrolls of summoning
 R - 4 scrolls of magic mapping
Potions
 f - 6 potions of brilliance
 h - 3 potions of invisibility
 i - 4 potions of resistance
 n - 2 potions of flight
 q - a potion of cancellation
 t - 4 potions of berserk rage
 v - 2 potions of lignification
 x - 3 potions of magic
 C - 3 potions of curing
 G - a potion of ambrosia
 P - 2 potions of agility
 W - 5 potions of haste
Books
 V - a manual of Air Magic
Miscellaneous
 d - an ornate deck of summoning {Repulsiveness, drawn: 2}
 j - a fan of gales
 o - a sack of spiders
 I - a box of beasts {used: 3}
Comestibles
 c - 6 meat rations
 e - 20 bread rations
 L - 5 chunks of flesh


   Skills:
 + Level 14.2(19.2) Fighting
 * Level 17.1(22.1) Long Blades
   Level 3.6(8.6) Crossbows
 * Level 14.7(19.7) Armour
 - Level 6.2(11.2) Dodging
 - Level 0.8(5.8) Stealth
 - Level 8.4 Spellcasting
 - Level 3.1 Charms
 - Level 4.0 Necromancy
 - Level 8.8 Translocations
 - Level 20.8 Invocations
 - Level 8.6 Evocations


You had 4 spell levels left.
You knew the following spells:

 Your Spells              Type           Power        Failure   Level  Hunger
a - Apportation           Tloc           ######....   1%          1    None
b - Animate Skeleton      Necr           N/A          2%          1    None
c - Regeneration          Chrm/Necr      ####......   8%          3    #......
d - Repel Missiles        Chrm/Air       ###...       9%          2    None
e - Phase Shift           Tloc           ######....   9%          5    #####..
f - Aura of Abjuration    Summ           ##........   98%         5    #####..
g - Summon Butterflies    Summ           ##......     11%         1    None
h - Silence               Hex/Air        ##........   98%         5    #####..
i - Haste                 Chrm           ####....     99%         6    ######.
j - Swiftness             Chrm/Air       ###.....     9%          2    None


Dungeon Overview and Level Annotations

Branches:
Dungeon (15/15)            Temple (1/1) D:7            Lair (8/8) D:8
  Swamp (4/4) Lair:5        Snake (4/4) Lair:5        Slime (6/6) Lair:6
    Orc (4/4) D:11            Elf (3/3) Orc:4        Vaults (5/5) D:14
  Crypt (0/3) Vaults:3
 Depths: D:15

Altars:
Ashenzari
Cheibriados
Dithmenos
Elyvilon
Fedhas
Gozag
Kikubaaqudgha
Makhleb
Nemelex Xobeh
Okawaru
Pakellas
Ru
Sif Muna
Trog
Vehumet
Xom
Yredelemnul
Zin
The Shining One
Jiyva

Shops:
D:11 %   Orc:1 %   Orc:2 *   Orc:4 [%**:}[   Snake:1 [*[:}   Snake:2 [

Annotations:
D:5 Pikel
D:6 exclusion: upstairs
D:12 exclusions: obsidian statue and orange crystal statue
D:14 VAUTSL, exclusion: Roxanne, Roxanne
Swamp:1 Frances
Elf:2 Wiglaf


Innate Abilities, Weirdness & Mutations

You have a pair of large horns on your head.
You are completely covered in thin metallic scales (AC +4, rElec).
You resist negative energy.
You sometimes gain power by taking damage.
You are completely covered in sharp spines.
You have sharp toenails.
You tend to lose your temper in combat.
Scrolls take you a little longer to read.
Your body sometimes deteriorates upon taking damage.
You are dopey. (Int -2)
Your flesh is heat resistant.
Your magical capacity is low (-10% MP).
Your natural rate of healing is unusually fast.
You can spit weak poison.
Your spells are a little harder to cast, but a little more powerful.


Message History

Okay, then.
Evoke which item? (* to show all) (? for menu, Esc to quit)
Okay, then.
Drink which item? (? for menu, Esc to quit)
Okay, then.
Evoke which item? (* to show all) (? for menu, Esc to quit)
Zapping:
m - a wand of heal wounds (3)
Press: ? - help, Shift-Dir - straight line, f - you You feel much better.
This wand has 2 charges left.
The vault guard hits you from afar with a bardiche of protection!
* * * LOW HITPOINT WARNING * * *
You focus on the pain.
You feel more agile all of a sudden.
The deep elf priest calls down the wrath of its god upon you.
Something smites you!
* * * LOW HITPOINT WARNING * * *
The vault guard is struck by your spines.
The vault guard closely misses you.
The vault guard hits you with a battleaxe!
You die...

**,** **,****,**,,,,*,,,,,,****,,
*,,,** *,**##.*#....#,..,*,,***,,
,,,,,***,,*#..##....#...**,,,**,,
,,,,,,***,,,...#....#..#**,,,,*,,
,,,,,,,*****,.......[.#* *,,,,,,*
*********#####p.......##*********
,,,,,,,,,.....ppppp.....,,,,,,,,,
,,,,,,,,,......pppp.....,,,,,,,,,
,,,,,,,,,.....ep@ppp....,,,,,,,,,
,,,,,,,,,.....pppppp....,,,,,,,,,
*********#####.ppppe..##*********
,,,,,,,,,,,,....QDe.....,,,,,,,,,
,,,,,,,,,,,....#*...#...,,,,,,,,*
,,,,,,,,,......#....#,..,,,,,,,**
*******,,......#....#,,.,,,,,,**,
,,,,,,***#.....#....#,,,,,,,***,,
,,,,,,,,,**,,,,*,,,,*,,,,,,+*,,,,


You could see a shadow dragon, a vault warden, a tengu reaver, 23 vault guards,
a deep elf demonologist, a deep elf conjurer, a deep elf priest and a
battlesphere.

Vanquished Creatures
  the Royal Jelly (Slime:6)
  An ancient lich (WizLab)
  Saint Roka (Snake:4)
  Xtahua (Vaults:2)
  4 deep elf blademasters (Elf:3)
  15 acid blobs
  2 deep elf master archers (Elf:3)
  A thorn hunter (Swamp:3)
  2 ancient champions (WizLab)
  Kirke (D:14)
  8 greater nagas
  A tengu reaver (Vaults:3)
  10 deep elf sorcerers
  5 azure jellies
  Maud (Orc:2)
  6 vault wardens
  A very ugly thing (Vaults:3)
  The ghost of Gorice the Spry, an adept FeWn of Sif Muna (Snake:3)
  4 ironheart preservers
  2 deep elf demonologists (Elf:3)
  13 deep elf annihilators (Elf:3)
  Azrael (D:13)
  5 vault guards
  3 death oozes
  A crystal guardian (Vaults:3)
  8 deep elf death magi
  A minotaur (Lab)
  6 deep elf high priests (Elf:3)
  2 fire dragons
  An ice dragon (Vaults:2)
  4 yaktaur captains
  4 great orbs of eyes
  12 naga warriors
  5 centaur warriors
  3 alligators
  A ghost crab (Swamp:4)
  11 hydras
  4 anacondas
  9 death yaks
  2 ogre magi
  A tengu warrior (D:15)
  6 orc high priests
  19 naga sharpshooters
  6 shock serpents
  A salamander mystic (Snake:2)
  A giant orange brain (Slime:6)
  10 deep elf knights
  A flayed ghost (Vaults:3)
  8 skeletal warriors
  3 deep trolls (Vaults:2)
  7 naga ritualists
  3 unseen horrors
  3 hill giants
  4 shambling mangroves
  An orange crystal statue (Lair:6)
  2 ironbrand convokers
  A necromancer (Vaults:2)
  10 swamp dragons
  A lindwurm (shapeshifter) (Vaults:3)
  7 mana vipers
  2 manticores
  5 deep elf summoners
  7 orc sorcerers
  An orb spider (shapeshifter) (Vaults:3)
  9 orc knights
  10 harpies
  20 ugly things
  A stone giant zombie (Vaults:2)
  6 cyclopes
  13 deep elf conjurers
  3 salamanders
  4 shining eyes
  2 griffons
  9 vault sentinels
  A stone giant skeleton (Vaults:2)
  4 elephants (Lair:7)
  20 naga magi
  An eye of devastation (Slime:6)
  6 centaur skeletons
  17 black mambas
  16 yaktaurs
  2 kobold demonologists
  7 spiny frogs
  6 komodo dragons
  An efreet (D:13)
  A freezing wraith (Vaults:3)
  2 spriggan druids (Lair:8)
  A fire drake (shapeshifter) (D:13)
  10 deep elf priests
  The ghost of Raultor the Chopper, an amateur HOGl (D:4)
  6 polar bears (Lair:8)
  A giant leech (Swamp:4)
  7 trolls
  5 two-headed ogres
  4 blink frogs (Lair:8)
  4 bog bodies
  64 slime creatures
  A blink frog (shapeshifter) (Elf:1)
  5 boulder beetles
  A centaur simulacrum (D:15)
  A flying skull (Volcano)
  A trapdoor spider (shapeshifter) (Vaults:1)
  3 hogs (D:14)
  2 redbacks (Lair:8)
  2 trapdoor spiders (Lab)
  A redback (shapeshifter) (Vaults:3)
  8 hippogriffs
  6 spriggans (Lair:8)
  7 vampires
  5 hill giant zombies (WizLab)
  15 deep elf magi
  6 golden eyes
  3 hungry ghosts
  17 deep elf fighters
  3 wraiths
  2 shadows
  A soldier ant (shapeshifter) (Vaults:3)
  2 basilisks
  24 yaks
  5 fire elementals
  14 vampire mosquitoes
  2 wyverns
  A hippogriff (shapeshifter) (D:13)
  5 mottled dragons
  13 insubstantial wisps
  4 wargs
  9 water moccasins
  5 porcupines
  8 swamp worms
  18 wolves (Lair:8)
  14 swamp drakes
  5 hell hounds (D:13)
  24 nagas
  3 sky beasts
  19 ogres
  34 orc warriors
  12 black bears
  3 ice beasts
  6 wasps
  A slave (D:5)
  5 centaurs
  3 necrophages
  3 phantoms
  5 eyes of draining
  5 boggarts (Vaults:3)
  8 big kobolds
  8 crocodiles
  13 giant frogs
  A gnoll sergeant (D:6)
  A human skeleton (Vaults:2)
  A scorpion (D:10)
  8 troll zombies (WizLab)
  A water moccasin skeleton (D:10)
  4 killer bees (D:10)
  16 wights
  9 electric eels
  2 crimson imps
  2 giant frog skeletons
  16 jellies
  26 orc wizards
  7 hounds
  32 orc priests
  4 iguanas
  6 worker ants
  7 ogre zombies (WizLab)
  4 sheep (Lair:2)
  The ghost of Alethiolet the Ogre Mage, a weakling OgWz (D:3)
  Robin (D:2)
  5 gnolls
  35 river rats
  8 adders
  An adder skeleton (D:6)
  3 worms
  A giant gecko (D:4)
  162 orcs
  3 giant cockroaches
  10 hobgoblins
  17 jackals
  19 kobolds
  3 ball pythons
  5 bats
  A giant newt (D:3)
  12 goblins
  A jackal skeleton (D:3)
  3 quokkas
  A quokka zombie (D:5)
  6 rats
  3 fungi
  A plant (D:8)
1358 creatures vanquished.

Vanquished Creatures (collateral kills)
  2 acid blobs
  A shining eye (Slime:1)
  A deep elf fighter (Elf:3)
  2 deep elf magi (Elf:3)
6 creatures vanquished.

Vanquished Creatures (others)
  A deep elf high priest (Elf:3)
  A deep elf conjurer (Vaults:3)
  A spiny frog (Swamp:3)
  A yak (Lair:6)
  An orc (Orc:3)
  A quokka (D:7)
  A fire vortex (Lair:5)
  2 fungi
  2 plants
11 creatures vanquished.

Grand Total: 1375 creatures vanquished

Notes
Turn   | Place    | Note
--------------------------------------------------------------
     0 | D:1      | 4thArraOfDagon the Demonspawn Hunter began the quest for the Orb.
     0 | D:1      | Reached XP level 1. HP: 16/16 MP: 1/1
   157 | D:3      | Gained mutation: You are partially covered in thin metallic scales (AC +2). [demonic ancestry]
   157 | D:3      | Reached XP level 2. HP: 23/23 MP: 2/2
   206 | D:3      | Noticed Alethiolet's ghost (weakling OgWz)
   247 | D:3      | Killed Alethiolet's ghost
   284 | D:3      | Gained mutation: You are partially covered in sharp spines. [demonic ancestry]
   284 | D:3      | Reached XP level 3. HP: 29/29 MP: 3/3
   400 | D:5      | Entered Level 5 of the Dungeon
   426 | D:5      | Noticed a slave
   427 | D:5      | Noticed a slave
   427 | D:5      | Noticed a slave
   428 | D:5      | Noticed Pikel
   430 | D:5      | Noticed a slave
   442 | D:6      | Got a smoking falchion
   443 | D:6      | Identified the +9 falchion "Fezuin" {venom, rC- MR+ SInv} (You found it on level 6 of the Dungeon)
   452 | D:6      | Reached skill level 1 in Long Blades
   461 | D:6      | Reached XP level 4. HP: 29/37 MP: 4/4
   495 | D:5      | Noticed an ogre
   564 | D:6      | Noticed a giant frog
   584 | D:6      | Reached skill level 4 in Fighting
   756 | D:5      | Noticed an ice beast
   770 | D:5      | Killed an ice beast
   770 | D:5      | Gained mutation: You are mostly covered in thin metallic scales (AC +3). [demonic ancestry]
   770 | D:5      | Reached XP level 5. HP: 6/43 MP: 5/5
  1126 | D:6      | Gained mutation: You sometimes gain a little power by taking damage. [demonic ancestry]
  1126 | D:6      | Reached XP level 6. HP: 43/49 MP: 6/6
  1162 | D:6      | Found an opulent altar of Gozag.
  1208 | D:7      | Reached skill level 5 in Fighting
  1234 | D:7      | Found a staircase to the Ecumenical Temple.
  1242 | Temple   | Entered the Ecumenical Temple
  1291 | Temple   | Became a worshipper of Warmaster Okawaru
  1358 | D:6      | Reached skill level 1 in Invocations
  1360 | D:6      | Reached skill level 1 in Evocations
  1360 | D:6      | Reached XP level 7. HP: 45/56 MP: 6/8
  1528 | D:4      | Reached skill level 1 in Armour
  1631 | D:4      | Reached * piety under Okawaru
  1850 | D:3      | Found a shimmering altar of Xom.
  1883 | D:3      | Found a bloodstained altar of Trog.
  2033 | D:2      | Found a radiant altar of Vehumet.
  2037 | D:2      | Found a burning altar of Makhleb.
  2046 | D:2      | meh
  2055 | D:2      | Noticed Robin
  2070 | D:2      | Killed Robin
  2198 | D:4      | Reached skill level 5 in Long Blades
  2270 | D:4      | Noticed Raultor's ghost (amateur HOGl)
  2287 | D:4      | Killed Raultor's ghost
  2287 | D:4      | Gained mutation: You have a pair of small horns on your head. [demonic ancestry]
  2287 | D:4      | Reached XP level 8. HP: 40/63 MP: 7/11
  2292 | D:4      | Reached ** piety under Okawaru
  2449 | D:7      | Reached skill level 5 in Invocations
  2509 | D:7      | Found a white marble altar of Elyvilon.
  2641 | D:7      | Reached skill level 6 in Long Blades
  2662 | D:8      | Noticed a centaur skeleton
  2670 | D:8      | Killed a centaur skeleton
  2722 | D:8      | Reached XP level 9. HP: 56/69 MP: 13/13
  2805 | D:9      | Found a shattered altar of Ashenzari.
  2866 | D:10     | Entered Level 10 of the Dungeon
  2872 | D:10     | Reached *** piety under Okawaru
  3032 | D:10     | Reached skill level 7 in Invocations
  3120 | D:10     | Learned a level 1 spell: Apportation
  3122 | D:10     | Learned a level 1 spell: Animate Skeleton
  3193 | D:10     | Noticed a hill giant
  3207 | D:10     | Killed a hill giant
  3207 | D:10     | Reached **** piety under Okawaru
  3207 | D:10     | Reached skill level 1 in Spellcasting
  3207 | D:10     | Reached skill level 1 in Translocations
  3314 | D:9      | Received a gift from Okawaru
  3314 | D:9      | Reached skill level 8 in Invocations
  3455 | D:9      | Gained mutation: You have a pair of horns on your head. [demonic ancestry]
  3455 | D:9      | Reached XP level 10. HP: 19/77 MP: 16/16
  3684 | D:10     | Received a gift from Okawaru
  3709 | D:10     | Noticed an unseen horror
  3719 | D:10     | Killed an unseen horror
  3802 | D:11     | Found Juwiwoal's Food Boutique.
  3848 | D:11     | Reached skill level 9 in Invocations
  3921 | D:11     | Reached skill level 5 in Evocations
  3932 | D:11     | Reached ***** piety under Okawaru
  3938 | D:11     | Found a staircase to the Orcish Mines.
  3993 | D:11     | Noticed a purple ugly thing
  4005 | D:11     | Killed a purple ugly thing
  4024 | D:11     | Gained mutation: You have sharp toenails. [mutagenic meat]
  4025 | D:11     | Gained mutation: Your natural rate of healing is unusually fast. [mutagenic meat]
  4026 | D:11     | Gained mutation: Your flesh is heat resistant. [mutagenic meat]
  4027 | D:11     | Gained mutation: Armour fits poorly on your strangely shaped body. [mutagenic meat]
  4028 | D:11     | Gained mutation: You can spit weak poison. [mutagenic meat]
  4067 | D:11     | Noticed a cyclops
  4087 | D:11     | Killed a cyclops
  4087 | D:11     | Gained mutation: You are completely covered in thin metallic scales (AC +4, rElec). [demonic ancestry]
  4087 | D:11     | Reached XP level 11. HP: 45/84 MP: 16/18
  4090 | D:11     | Reached skill level 5 in Armour
  4387 | D:12     | Reached skill level 10 in Invocations
  4436 | D:12     | Received a gift from Okawaru
  4704 | D:12     | Noticed an obsidian statue
  4704 | D:12     | Noticed an orange crystal statue
  4713 | D:12     | Noticed a soul eater
  4896 | D:13     | Noticed a centaur warrior
  4905 | D:13     | Killed a centaur warrior
  5009 | D:13     | Received a gift from Okawaru
  5021 | D:13     | Reached skill level 11 in Invocations
  5131 | D:13     | Noticed Azrael
  5178 | D:13     | Received a gift from Okawaru
  5255 | D:14     | Noticed Roxanne
  5353 | D:14     | Identified a scroll of acquirement
  5546 | D:15     | Entered Level 15 of the Dungeon
  5555 | D:15     | Noticed an unseen horror
  5581 | D:15     | Killed an unseen horror
  5597 | D:15     | Gained mutation: You are mostly covered in sharp spines. [demonic ancestry]
  5597 | D:15     | Reached XP level 12. HP: 54/93 MP: 15/20
  5607 | D:15     | Received a gift from Okawaru
  5629 | D:15     | Reached skill level 12 in Invocations
  5688 | D:15     | Received a gift from Okawaru
  5765 | D:15     | Reached skill level 10 in Long Blades
  5846 | D:14     | Received a gift from Okawaru
  5847 | D:14     | Got an opalescent robe {god gift}
  5848 | D:14     | Noticed Kirke
  5855 | D:14     | Killed Kirke
  5855 | D:14     | Reached skill level 13 in Invocations
  5873 | D:15     | Noticed a fire dragon
  5899 | D:15     | Killed a fire dragon
  6235 | D:15     | Noticed a centaur warrior
  6245 | D:15     | Killed a centaur warrior
  6263 | D:15     | Reached XP level 13. HP: 95/101 MP: 23/23
  6554 | D:12     | Reached skill level 14 in Invocations
  6610 | Orc:1    | Entered Level 1 of the Orcish Mines
  6653 | Orc:1    | Found Luditsie's Food Shop.
  6711 | Orc:2    | Found Keptesk's Assorted Antiques.
  6711 | Orc:2    | Noticed Maud
  6879 | Orc:2    | Killed Maud
  6879 | Orc:2    | Received a gift from Okawaru
  6994 | Orc:2    | Found a dark tunnel.
  7004 | Volcano  | Entered a volcano
  7191 | Orc:2    | Bought a scroll labeled ILOIMU HYGGIXU for 25 gold pieces
  7191 | Orc:2    | Bought a bubbling orange potion for 22 gold pieces
  7191 | Orc:2    | Bought a lumpy dark potion for 22 gold pieces
  7191 | Orc:2    | Bought a scroll of identify for 50 gold pieces
  7191 | Orc:2    | Bought a scroll of identify for 50 gold pieces
  7191 | Orc:2    | Bought a scroll of identify for 50 gold pieces
  7439 | Orc:4    | Entered Level 4 of the Orcish Mines
  7465 | Orc:4    | Found Kexig's Food Shoppe.
  7564 | Orc:4    | Found a staircase to the Elven Halls.
  7565 | Orc:4    | Found Ucofyn's Armour Boutique.
  7609 | Orc:4    | Found Noutt's Book Emporium.
  7734 | Orc:4    | Found Maskog's Armour Emporium.
  7744 | Orc:4    | Bought a +0 pair of gloves of strength for 138 gold pieces
  7848 | Orc:4    | Received a gift from Okawaru
  7854 | Orc:4    | Reached skill level 10 in Fighting
  7855 | Orc:4    | Received a gift from Okawaru
  7928 | Orc:4    | Received a gift from Okawaru
  8044 | Orc:4    | Found Liemaast's Armour Shoppe.
  8044 | Orc:4    | Found Ischeury's Assorted Antiques.
  8045 | Orc:4    | Found Cach's Gadget Boutique.
  8050 | Orc:4    | Found Suymakh's General Store.
  8075 | Orc:4    | Bought a wand of hasting (5) for 918 gold pieces
  8086 | Orc:4    | Bought a scroll of blinking for 112 gold pieces
  8088 | Orc:4    | Bought a scroll of identify for 54 gold pieces
  8266 | Orc:1    | Reached skill level 15 in Invocations
  8708 | Orc:4    | Bought a wand of digging (8) for 408 gold pieces
  8720 | Orc:4    | Bought a potion of curing for 45 gold pieces
  8720 | Orc:4    | Bought a scroll of noise for 15 gold pieces
  8769 | Elf:1    | Entered Level 1 of the Elven Halls
  8876 | Elf:1    | Gained mutation: You are completely covered in sharp spines. [demonic ancestry]
  8876 | Elf:1    | Reached XP level 14. HP: 105/110 MP: 25/25
  9256 | Elf:2    | Found a deep blue altar of Sif Muna.
  9256 | Elf:2    | Noticed Wiglaf
  9269 | Elf:2    | umm
  9374 | Elf:3    | Entered Level 3 of the Elven Halls
  9379 | Elf:3    | uhh
  9522 | Elf:3    | Found a magical portal.
  9525 | WizLab   | Entered Zonguldrok's Shrine
  9526 | WizLab   | umm
  9659 | WizLab   | Received a gift from Okawaru
  9769 | WizLab   | Noticed an ancient champion
  9782 | WizLab   | Killed an ancient champion
  9782 | WizLab   | Received a gift from Okawaru
  9782 | WizLab   | Reached skill level 16 in Invocations
  9789 | WizLab   | Noticed an ancient champion
  9809 | WizLab   | Killed an ancient champion
  9833 | WizLab   | Noticed an antique lich
  9842 | WizLab   | Killed an antique lich
  9842 | WizLab   | Received a gift from Okawaru
  9927 | WizLab   | Learned a level 3 spell: Regeneration
 10145 | Elf:3    | Reached skill level 1 in Necromancy
 10318 | Elf:3    | Noticed a deep elf blademaster
 10362 | Elf:3    | Reached skill level 1 in Charms
 10362 | Elf:3    | Gained mutation: You have a pair of large horns on your head. [demonic ancestry]
 10362 | Elf:3    | Reached XP level 15. HP: 96/119 MP: 25/27
 10378 | Elf:3    | Killed a deep elf blademaster
 10547 | Elf:3    | rpois yay
 10549 | Elf:3    | Noticed a deep elf blademaster
 10572 | Elf:3    | Killed a deep elf blademaster
 10614 | Elf:3    | Reached skill level 17 in Invocations
 10911 | Elf:3    | Noticed a deep elf blademaster
 10947 | Elf:3    | Noticed a deep elf master archer
 10979 | Elf:3    | Killed a deep elf master archer
 10979 | Elf:3    | Received a gift from Okawaru
 11425 | Elf:3    | Received a gift from Okawaru
 11469 | Elf:3    | Cast into level 2 of the Abyss (a deep elf sorcerer)
 11502 | Elf:3    | Escaped the Abyss
 11506 | Elf:3    | Reached ****** piety under Okawaru
 11607 | Elf:3    | Noticed a deep elf blademaster
 11636 | Elf:3    | Received a gift from Okawaru
 11637 | Elf:3    | Got an ancient great sword {god gift}
 11675 | Elf:3    | Killed a deep elf blademaster
 11838 | Elf:3    | Killed a deep elf blademaster
 11838 | Elf:3    | Received a gift from Okawaru
 11852 | Elf:3    | Got an encrusted longbow {god gift}
 11889 | Elf:3    | Reached skill level 18 in Invocations
 11900 | Elf:3    | Noticed a deep elf master archer
 12108 | Elf:3    | Gained mutation: You sometimes gain power by taking damage. [demonic ancestry]
 12108 | Elf:3    | Reached XP level 16. HP: 127/127 MP: 21/29
 12158 | Elf:3    | Reached skill level 10 in Armour
 12293 | Elf:3    | Got a coiled turquoise ring
 12295 | Elf:3    | Identified the ring "Gutip" {Wiz rPois rF+ Str+4} (You found it on level 3 of the Elven Halls)
 12353 | Elf:3    | Identified the +9 great sword of Spite {flame, rPois rC+ Int-2} (Okawaru gifted it to you on level 3 of the Elven Halls)
 12403 | Elf:3    | Identified Sif Muna's Reference Book on Aerial Companions (You found it on level 3 of the Elven Halls)
 12408 | Elf:3    | Identified the Disquisition on Twisted Creation (You found it on level 3 of the Elven Halls)
 12417 | Elf:3    | Identified the +10 longbow "Feazocs" {freeze, rC++ rN++ Int-3} (Okawaru gifted it to you on level 3 of the Elven Halls)
 12418 | Elf:3    | hah
 12463 | Elf:3    | Learned a level 2 spell: Repel Missiles
 12469 | Elf:3    | Learned a level 5 spell: Phase Shift
 12476 | Elf:3    | Learned a level 5 spell: Aura of Abjuration
 12558 | Elf:3    | Killed a deep elf master archer
 12558 | Elf:3    | Received a gift from Okawaru
 12834 | Orc:4    | Bought a scroll of magic mapping for 94 gold pieces
 12834 | Orc:4    | Bought a scroll of enchant weapon for 202 gold pieces
 12834 | Orc:4    | Bought a scroll of teleportation for 81 gold pieces
 12837 | Orc:4    | Bought a scroll of recharging for 142 gold pieces
 13086 | D:8      | Found a staircase to the Lair.
 13132 | Lair:1   | Entered Level 1 of the Lair of Beasts
 13206 | Lair:1   | Found a labyrinth entrance.
 13215 | Lab      | Entered a labyrinth
 13294 | Lab      | Got a fine wooden ring
 13299 | Lab      | Identified the ring of Medeivudgh {*Corrode rF+ rN+ Int+4} (You found it in a labyrinth)
 13537 | Lair:5   | Found a staircase to the Snake Pit.
 13664 | Lair:8   | Entered Level 8 of the Lair of Beasts
 13822 | Lair:8   | Reached skill level 5 in Translocations
 13876 | Lair:8   | Reached skill level 19 in Invocations
 13893 | Lair:8   | Got a crude silver ring
 13895 | Lair:8   | Identified the ring of the Monkey's Uncle {MP+9 Int+3 Dex+5 Stlth+} (You found it on level 8 of the Lair of Beasts)
 14572 | Lair:5   | Found a staircase to the Swamp.
 14593 | Swamp:1  | Entered Level 1 of the Swamp
 14656 | Swamp:2  | Received a gift from Okawaru
 14731 | Swamp:3  | Reached XP level 17. HP: 109/135 MP: 30/30
 14763 | Swamp:2  | Got a jewelled scale mail
 14766 | Swamp:2  | Identified the +6 scale mail of Toicy {Int-3 Dex+5} (You found it on level 2 of the Swamp)
 14776 | Swamp:1  | Noticed Frances
 14862 | Swamp:2  | Reached skill level 15 in Long Blades
 14982 | Swamp:2  | Learned a level 1 spell: Summon Butterflies
 15005 | Swamp:4  | Entered Level 4 of the Swamp
 15242 | Swamp:4  | Received a gift from Okawaru
 15300 | Swamp:4  | Got a decaying rune of Zot
 15494 | Snake:1  | Entered Level 1 of the Snake Pit
 15623 | Snake:1  | Found Haakkol's Armour Shop.
 15631 | Snake:1  | Found Xuiw Camnopt's Armour Boutique.
 15674 | Snake:1  | Received a gift from Okawaru
 15758 | Snake:1  | Found Sekadeg's Book Shop.
 15768 | Snake:1  | Found Umemin's Gadget Boutique.
 15844 | Snake:1  | Reached skill level 20 in Invocations
 15846 | Snake:1  | Found Hudema's General Store.
 15852 | Snake:1  | Bought a potion of curing for 39 gold pieces
 15852 | Snake:1  | Bought a scroll of enchant weapon for 97 gold pieces
 15890 | Snake:2  | Found Ycaotiar's Antique Armour Emporium.
 15898 | Snake:2  | Bought a faintly humming ring mail for 252 gold pieces
 15898 | Snake:2  | Identified the +5 ring mail of Generosity {Int+2} (You bought it in a shop on level 2 of the Snake Pit)
 15900 | Snake:2  | Bought a bloodstained shield for 266 gold pieces
 15906 | Snake:2  | Identified the +2 shield of Gessas {MR- rCorr Int+3 Dex+5} (You bought it in a shop on level 2 of the Snake Pit)
 16094 | Snake:2  | Received a gift from Okawaru
 16181 | Snake:3  | Noticed Gorice's ghost (adept FeWn)
 16189 | Snake:3  | Killed Gorice's ghost
 16235 | Snake:4  | Entered Level 4 of the Snake Pit
 16245 | Snake:4  | Noticed Saint Roka
 16275 | Snake:4  | Killed Saint Roka
 16639 | Snake:4  | Reached XP level 18. HP: 112/143 MP: 32/32
 16709 | Snake:4  | Reached skill level 5 in Dodging
 17097 | Snake:4  | Received a gift from Okawaru
 17313 | Snake:4  | Got a serpentine rune of Zot
 17797 | Snake:1  | Bought a +4 plate armour of fire resistance for 600 gold pieces
 17911 | Lair:6   | Found a runed door.
 17911 | Lair:6   | Found a viscous altar of Jiyva.
 17911 | Lair:6   | Found a staircase to the Slime Pits.
 17957 | Slime:1  | Entered Level 1 of the Pits of Slime
 18109 | Slime:1  | Gained mutation: You are weak. (Str -2) [a shining eye]
 18113 | Slime:1  | Gained mutation: Your body sometimes deteriorates upon taking damage. [a shining eye]
 18114 | Slime:1  | Gained mutation: Your magical capacity is low (-10% MP). [a shining eye]
 18252 | Slime:1  | Gained mutation: You tend to lose your temper in combat. [a shining eye]
 18253 | Slime:1  | Gained mutation: You often lose your temper in combat. [a shining eye]
 18254 | Slime:1  | Gained mutation: Your body often deteriorates upon taking damage. [a shining eye]
 18266 | Lair:6   | how do i protect from those fuckers
 18289 | Lair:6   | rcorr,rmut,mr checks at one time
 18334 | Lair:6   | time to get ugly
 18477 | Slime:1  | Reached skill level 5 in Spellcasting
 18597 | Slime:1  | Received a gift from Okawaru
 18656 | Slime:4  | Gained mutation: Scrolls take you a little longer to read. [a shining eye]
 18665 | Slime:4  | Gained mutation: You are dopey. (Int -2) [a shining eye]
 18726 | Slime:5  | Gained mutation: You resist negative energy. [demonic ancestry]
 18726 | Slime:5  | Reached XP level 19. HP: 143/150 MP: 30/30
 18729 | Slime:5  | Received a gift from Okawaru
 18751 | Slime:6  | Entered Level 6 of the Pits of Slime
 18827 | Slime:6  | Noticed the Royal Jelly
 18841 | Slime:6  | Killed the Royal Jelly
 18869 | Slime:6  | Received a gift from Okawaru
 18870 | Slime:6  | Got a pair of transparent boots {god gift}
 18912 | Slime:6  | Got a transparent platinum ring
 18915 | Slime:6  | Lost mutation: You are weak. (Str -2) [potion of cure mutation]
 18915 | Slime:6  | Lost mutation: Scrolls take you a little longer to read. [potion of cure mutation]
 18915 | Slime:6  | Lost mutation: Your body often deteriorates upon taking damage. [potion of cure mutation]
 18915 | Slime:6  | Lost mutation: You often lose your temper in combat. [potion of cure mutation]
 18915 | Slime:6  | Lost mutation: Armour fits poorly on your strangely shaped body. [potion of cure mutation]
 18918 | Slime:6  | Identified Vodeut's Guide on Dusty Cold (You found it on level 6 of the Pits of Slime)
 18934 | Slime:6  | Identified the +4 pair of boots "Giycuz" {rF+ MR+ MP+9} (Okawaru gifted it to you on level 6 of the Pits of Slime)
 18946 | Slime:6  | Identified the cursed ring "Deureur" {MR+ Slay-3} (You found it on level 6 of the Pits of Slime)
 18969 | Slime:6  | Got a slimy rune of Zot
 19100 | Slime:1  | Gained mutation: Scrolls take you a little longer to read. [a shining eye]
 19206 | Slime:1  | Gained mutation: Your spells are a little harder to cast, but a little more powerful. [a shining eye]
 19363 | Lair:6   | Identified the Tome of Boosting Dislocation (You found it on level 6 of the Lair of Beasts)
 19585 | D:9      | Learned a level 5 spell: Silence
 19592 | D:9      | Learned a level 6 spell: Haste
 19793 | D:13     | Killed Azrael
 19824 | D:14     | Found a gate to the Vaults.
 19829 | Vaults:1 | Entered Level 1 of the Vaults
 20181 | Vaults:2 | Noticed Xtahua
 20189 | Vaults:2 | Killed Xtahua
 20195 | Vaults:2 | Received a gift from Okawaru
 20449 | Vaults:3 | Reached XP level 20. HP: 142/159 MP: 30/30
 20599 | Vaults:3 | Learned a level 2 spell: Swiftness
 20680 | Vaults:3 | Received a gift from Okawaru
 20723 | Vaults:3 | Found a staircase to the Crypt.
 20910 | Vaults:5 | Entered Level 5 of the Vaults
 20923 | Vaults:5 | HP: 5/159 [vault guard/glaive (20)]
 20924 | Vaults:5 | Slain by a vault guard

Vault maps used:
D:1:      sevenhm_arrival_forest_fort_small_5
D:2:      grunt_temple_overflow_open, uniq_natasha, uniq_robin
D:3:      lemuel_crystal_altar, portal_sewer_entry_e, tgw_xom
D:4:      uniq_duvessa
D:5:      kennysheep_spiral_hall, nicolae_qazlal_eye_of_the_storm, first_bread,
          minmay_crystal_water, uniq_pikel, uniq_sigmund
D:6:      kennysheep_mini_moat
D:7:      elyvilon_altar_4, minmay_temple_entry_glassed_door, the_bakery
D:8:      due_lair_maze_entry_diamond, serial_shops, shop
D:9:      ashenzari_altar_1
D:10:     kennysheep_generic_room_8
D:11:     serial_shops, nicolae_shop_competitors_out_of_business,
          grunt_ministairs_2, minmay_orc_keep
D:12:     minmay_more_statues
D:13:     uniq_azrael
D:14:     hangedman_vaults_entry_quadrant_bands, serial_park_tiny_2, uniq_kirke,
          uniq_roxanne, uniq_louise
D:15:     grunt_enter_depths_snipers
Temple:   water_room_temple_a_12
Lair:1:   lab_entry_generic, grunt_forest_large_clearing_hut
Lair:2:   grunt_forest_stairs_basic
Lair:3:   serial_bayou_pond_d
Lair:5:   minmay_swamp_entry_eels, dummy_snake_entry, serial_bayou_ford_a
Lair:6:   statuecave_lemuel, slime_altar_2
Lair:7:   serial_bayou_shore_a
Lair:8:   minmay_lair_end_enchanted_forest, nicolae_quartered_pool_super
Swamp:1:  nicolae_swamp_round_clearing, infiniplex_staircase_pool, uniq_frances,
          uniq_aizul
Swamp:2:  evilmike_swamp_ruin_rubble_1, st_swamp_ruins_1
Swamp:3:  evilmike_swamp_ruin_house_2, swamp_pool2
Swamp:4:  swamp
Snake:1:  serial_shops, shop, nicolae_shop_stone, shop, shop, shop,
          nicolae_snake_salamander_stairs
Snake:2:  serial_shops, nicolae_shop_statue_plus
Snake:3:  serial_bayou_crossing
Snake:4:  snake_pit, uniq_saint_roka
Slime:6:  uniq_dissolution
Orc:1:    serial_shops, nicolae_shop_scaring_up_business
Orc:2:    enter_volcano_4, serial_shops, nicolae_shop_overgrown_old_shop,
          uniq_maud
Orc:3:    nicolae_orc_pool_cavern, nicolae_orc_lava_room
Orc:4:    st_orc_elflike, serial_shops, shop, nicolae_shop_statue_plus, shop,
          shop
Elf:1:    minmay_elf_arrival_circle, minmay_elf_annihilation
Elf:2:    hangedman_summoners_spam, uniq_wiglaf
Elf:3:    minmay_elf_hall_hex, mu_enter_wizlab_7, spider_trap, st_stairs_11
Vaults:1: hangedman_vaults_maws, nicolae_vaults_three_branches, v_misc_1,
          nicolae_vaults_what_the_h, ontoclasm_vaults_chip, v_rooms_1,
          ontoclasm_vaults_ring_large, nicolae_vaults_asterisk, v_misc_8,
          nicolae_vaults_little_squares_2, vaults_room_hallway, vaults_dpeg_ring
Vaults:2: metal_show, v_misc_25, v_alt_pattern_4, vaults_mumra_minichess,
          hangedman_vaults_unwind, ontoclasm_vaults_idyll, ontoclasm_vaults_eye,
          hangedman_vaults_trim, v_misc_8, nicolae_vaults_disjoint_gnomons,
          ontoclasm_vaults_shout, vaults_room_semicircle,
          nicolae_vaults_asterisk, uniq_xtahua
Vaults:3: v_misc_23, v_misc_4, hangedman_vaults_slither,
          nicolae_vaults_triangles, nicolae_vaults_ninety_degrees,
          vaults_mumra_hexcomb, dpeg_vaults_monster_row, vaults_room_hallway,
          dummy_crypt_entry
Vaults:4: vaults_room_hallway, grunt_vaults_funnel, vaults_room_door_hall,
          hangedman_vaults_nodes, nicolae_vaults_mini_display_case, v_misc_27,
          v_pattern_5, nicolae_vaults_angled_halls,
          nicolae_vaults_ring_of_whatevers, v_misc_22, nicolae_vaults_little_ls
Abyss:3:  evilmike_abyss_exit_4, hangedman_abyss_rune_flesh_and_stone
Lab:      nicolae_lab_grate, labyrinth_glass_1, nicolae_lab_arrow, lab_statue
Volcano:  volcano_tomb
WizLab:   wizlab_zonguldrok

Action                   |  1- 3 |  4- 6 |  7- 9 | 10-12 | 13-15 | 16-18 | 19-21 || total
-------------------------+-------+-------+-------+-------+-------+-------+-------++-------
Melee: Falchion          |     9 |    36 |   239 |   468 |    93 |       |       ||   845
       Triple sword      |       |       |       |    65 |   479 |     4 |       ||   548
       Double sword      |       |       |       |       |   245 |    37 |       ||   282
       Great sword       |       |       |       |       |       |  1125 |   516 ||  1641
 Fire: Hand crossbow     |    41 |    12 |       |       |       |       |       ||    53
Throw: Tomahawk          |       |       |       |    11 |     4 |       |       ||    15
 Cast: Apportation       |       |       |       |     4 |    40 |    98 |    55 ||   197
       Regeneration      |       |       |       |       |    21 |   172 |    42 ||   235
       Repel Missiles    |       |       |       |       |       |    11 |     2 ||    13
       Phase Shift       |       |       |       |       |       |     2 |       ||     2
       Animate Skeleton  |       |       |       |       |       |       |     1 ||     1
Invok: Heroism           |       |       |     2 |    19 |    36 |    24 |    11 ||    92
       Finesse           |       |       |       |     5 |     9 |     6 |     1 ||    21
 Abil: Evoke Teleportati |       |       |       |       |       |     6 |    15 ||    21
Evoke: Wand              |     1 |       |     5 |    10 |     5 |     7 |     8 ||    36
       Rod               |       |       |       |       |       |     2 |       ||     2
       Deck              |       |       |       |       |       |     1 |     1 ||     2
       Box of beasts     |       |       |       |       |       |     1 |     2 ||     3
  Use: Scroll            |     3 |     2 |     2 |    14 |    15 |    33 |     8 ||    77
       Potion            |       |       |       |     3 |     3 |     5 |     6 ||    17
 Stab: Paralysed         |       |       |     8 |    18 |       |       |       ||    26
       Sleeping          |       |       |       |     2 |     6 |    13 |     7 ||    28
       Invisible         |       |       |       |       |     3 |       |       ||     3
       Distracted        |       |       |       |       |     1 |     3 |     1 ||     5
       Confused          |       |       |       |       |       |     1 |       ||     1
  Eat: Chunk             |       |     1 |     8 |    18 |     9 |    43 |     6 ||    85
       Bread ration      |       |       |       |     1 |     2 |     1 |       ||     4
       Fruit             |       |       |       |     3 |       |       |     6 ||     9
       Pizza             |       |       |       |       |     1 |     4 |       ||     5
       Beef jerky        |       |       |       |       |     5 |       |     1 ||     6
       Meat ration       |       |       |       |       |       |     1 |     1 ||     2
       Royal jelly       |       |       |       |       |       |     1 |       ||     1
